cohdb
Replays
Latest Replays
All Replays
Popular Replays
Top Player Replays
Match Explorer
How It Works
Community
CoH3 Stats
Reddit
Sign in to upload your games and track your stats! →
Sign in with Steam
Match 43483039
Unlisted
Match 43483039
Overview
Messages
Build Orders
End
Engineer Squad
Construct Weapon Support Center
Selects Heavy Weapons
M1919 Machine Gun Team
M1919 Machine Gun Team
M1919 Machine Gun Team
Infantry Support Center
Selects Assault Carriers
M3 Assault Carrier
M3 Assault Carrier
Selects M2HB .50cal Heavy Machine Gun
M3 Assault Carrier
M1919 Machine Gun Team
Selects Exchangeable Parts
M3 Assault Carrier
Construct Barracks
Riflemen Squad
Selects Rapid Reposition
Riflemen Squad
Grenade Package
Advanced Logistics
M3 Assault Carrier
Riflemen Squad
Selects Bolstered Team Weapons
M3 Assault Carrier
M1918 Browning Automatic Rifles
Engineer Squad
M1919 Machine Gun Team
Selects Towed M5 3-inch Anti-tank Gun
Towed M5 3-inch Anti-tank Gun
Towed M5 3-inch Anti-tank Gun
lemerman9
Einhander
thecrazycowboygeneral
嫂子开门我是我哥
皮皮
JT
0
0
Comments
sign in to comment!
No comments posted yet!